 Dungeon Crawl Stone Soup version 0.30.0-29-ga12c61a403 (webtiles) character file.

Game seed: 11541283517954814557

780 H0rd4k the Charlatan (level 8, 0/60 HPs)
             Began as a Human Artificer on June 20, 2023.
             Slain by an orc priest
             ... wielding a +0 flail
              (3 damage)
             ... on level 7 of the Dungeon.
             The game lasted 00:06:28 (4612 turns).

H0rd4k the Charlatan (Human Artificer)              Turns: 4612, Time: 00:06:29

Health: 0/60       AC:  7    Str: 12    XL:     8   Next: 10%
Magic:  8/8        EV:  9    Int: 15    God:
Gold:   155        SH:  5    Dex: 13    Spells: 7/7 levels left

rFire   . . .        a - +0 club
rCold   . . .        (no shield)
rNeg    . . .        k - +0 scale mail
rPois   .            (no helmet)
rElec   .            (no cloak)
rCorr   .            j - +0 pair of gloves
SInv    .            (no boots)
Will    .....        i - amulet of reflection Stlth
                     (no ring)
HPRegen 0.30/turn    (no ring)
MPRegen 0.11/turn

%: reflection
@: mighty
A: no striking features
a: no special abilities


You were on level 7 of the Dungeon.
You visited 1 branch of the dungeon, and saw 7 of its levels.

You collected 155 gold pieces.

Inventory:

Hand Weapons
 a - a +0 club (weapon)
Missiles
 v - 5 poisoned darts (quivered)
Armour
 j - a +0 pair of gloves (worn)
 k - a +0 scale mail (worn)
 l - an orb of energy
Jewellery
 i - an amulet of reflection (around neck)
Wands
 o - a wand of digging (3)
Scrolls
 b - a scroll of enchant weapon {unknown}
 e - 3 scrolls of teleportation
 f - 11 scrolls of identify {unknown}
 g - 2 scrolls of noise {unknown}
 h - 3 scrolls of immolation {unknown}
 p - a scroll of amnesia {unknown}
 q - 3 scrolls of vulnerability {unknown}
 s - a scroll of fog {unknown}
 t - a scroll of magic mapping {unknown}
Potions
 c - a potion of heal wounds {unknown}
 m - a potion of invisibility {unknown}
 r - 2 potions of curing {unknown}
 u - 3 potions of attraction {unknown}
 w - a potion of flight {unknown}


   Skills:
 + Level 3.6 Fighting
 + Level 4.8 Maces & Flails
 + Level 0.3 Throwing
 - Level 2.0 Armour
 + Level 2.8 Dodging
 + Level 1.8 Stealth
 - Level 1.1 Shields
 + Level 5.2 Evocations


You had 7 spell levels left.
You didn't know any spells.
Your spell library contained the following spells:

 Spells                   Type           Power      Damage    Failure   Level
 Kiss of Death            Conj/Necr      0%         2d5       80%         1
 Shock                    Conj/Air       0%         1d3       80%         1
 Confusing Touch          Hex            0%         N/A       99%         3
 Swiftness                Air            0%         N/A       99%         3
 Airstrike                Air            0%         2d(0-16)  100%        4
 Dispel Undead            Necr           0%         3d6       100%        4


Dungeon Overview and Level Annotations

Branches:
Dungeon (7/15)
 Temple: D:4-7

Altars:
Ashenzari
Dithmenos

Annotations:
D:4 Blork the orc
D:6 exclusion: upstairs
D:7 exclusion: upstairs, Joseph


Message History

The orc priest is lightly wounded.
The orc priest completely misses you.
You hit the orc priest but do no damage.
The orc priest is lightly wounded.
The orc priest closely misses you.
You barely miss the orc priest.
You punch the orc priest, but do no damage.
The orc priest is lightly wounded.
The orc priest hits you but does no damage.
You closely miss the orc priest.
The orc priest is lightly wounded.
The orc priest barely misses you.
You barely miss the orc priest.
The orc priest is lightly wounded.
The orc priest closely misses you. The orc priest barely misses you.
You barely miss the orc priest.
The orc priest is lightly wounded.
The orc priest closely misses you.
You closely miss the orc priest.
The orc priest is lightly wounded.
The orc priest barely misses you.
You hit the orc priest.
The orc priest is lightly wounded.
The orc priest hits you with a +0 flail.
* * * LOW HITPOINT WARNING * * *
You hit the orc priest but do no damage.
The orc priest is lightly wounded.
The orc priest hits you but does no damage.
Okay, then.
You feel very mighty all of a sudden.
The orc priest hits you with a +0 flail!
* * * LOW HITPOINT WARNING * * *
You hit the orc priest.
The orc priest is moderately wounded.
The orc priest hits you with a +0 flail.
* * * LOW HITPOINT WARNING * * *
You hit the orc priest.
The orc priest is heavily wounded.
The orc priest hits you with a +0 flail.
You die...

##.#.######
.......@o.#
....#####.# . #.#
#o# ..#####.#
.......o###########
..........o.o.o...#
#######.#########.#
...........# #.#


You could see an orc priest.

Vanquished Creatures
  Sigmund (D:2)
  Eustachio (D:4)
  A phantom (D:3)
  An iguana (D:5)
  Natasha (thrice) (D:2)
  An orc wizard (D:3)
  3 gnolls
  3 adders
  A worm (D:2)
  7 orcs
  8 endoplasms
  A giant cockroach (D:1)
  3 goblins
  2 hobgoblins
  3 kobolds
  A quokka (D:1)
  5 ball pythons
  3 frilled lizards
  6 rats
54 creatures vanquished.

Vanquished Creatures (collateral kills)
  Menkaure (D:4)
  3 gnolls (D:6)
  A white imp (D:6)
  An orc (D:3)
  3 jackals (D:2)
  A rat (D:2)
10 creatures vanquished.

Vanquished Creatures (others)
  A jelly (D:6)
  An iguana (D:4)
2 creatures vanquished.

Grand Total: 66 creatures vanquished

Notes
Turn   | Place    | Note
-------+----------+-------------------------------------------
     0 | D:1      | H0rd4k the Human Artificer began the quest for the Orb.
     0 | D:1      | Reached XP level 1. HP: 15/15 MP: 1/1
   192 | D:1      | Reached XP level 2. HP: 21/21 MP: 2/2
   419 | D:1      | Found a faded altar of an unknown god.
  1149 | D:2      | Reached XP level 3. HP: 12/26 MP: 3/3
  1286 | D:2      | Noticed Natasha
  1294 | D:2      | Found a shadowy altar of Dithmenos.
  1305 | D:2      | Reached skill level 1 in Maces & Flails
  1497 | D:2      | Noticed Sigmund
  1500 | D:2      | Killed Sigmund
  1501 | D:2      | Reached skill level 4 in Evocations
  1501 | D:2      | Reached XP level 4. HP: 33/33 MP: 4/4
  1501 | D:2      | Reached XP level 5. HP: 38/38 MP: 5/5
  1776 | D:2      | Killed Natasha
  1777 | D:2      | Reached XP level 6. HP: 44/44 MP: 6/6
  1931 | D:2      | Noticed Natasha
  1934 | D:2      | Killed Natasha
  1935 | D:2      | Reached skill level 1 in Shields
  2014 | D:2      | Noticed Natasha
  2016 | D:2      | Killed Natasha
  2229 | D:3      | Found a broken altar of Ashenzari.
  2554 | D:3      | Reached XP level 7. HP: 44/51 MP: 7/7
  2824 | D:4      | Noticed Eustachio
  2881 | D:4      | Killed Eustachio
  2882 | D:4      | Reached skill level 5 in Evocations
  3001 | D:4      | Noticed Blork the orc
  3670 | D:4      | Noticed Menkaure
  3731 | D:4      | Killed Menkaure
  3938 | D:5      | Entered Level 5 of the Dungeon
  3968 | D:5      | Reached XP level 8. HP: 34/58 MP: 8/8
  4275 | D:7      | Noticed Joseph
  4610 | D:7      | HP: 3/60 [orc priest/+0 flail (7)]
  4612 | D:7      | Slain by an orc priest

Illustrated notes

Levels and vault maps discovered:
D:1:      dpeg_arrival_round_c, layout_loops_cross,
          hellmonk_ecumenical_altar_heavens_door, amethyst_killhole,
          chequers_arboretum
D:2:      layout_basic, basic_altar, nrook_loot_triangle, uniq_sigmund,
          uniq_natasha
D:3:      layout_loops_ring, evilmike_ruin_ashenzari
D:4:      layout_gridville, serial_rivers, chequers_serial_rivers_micro_e,
          chequers_serial_rivers_small_3, chequers_serial_rivers_micro_d,
          chequers_serial_rivers_small_b, chequers_serial_rivers_micro_c,
          uniq_menkaure, uniq_blork_the_orc, uniq_eustachio
D:5:      layout_loops_corners, serial_shops, nicolae_shop_tiny_statue_garden,
          minmay_ruined_shrine
D:6:      layout_loops_corners, serial_bayou, serial_bayou_lagoon_a,
          serial_bayou_pond_b, serial_bayou_shore_a, serial_bayou_lagoon_b,
          serial_bayou_lake_a, minmay_misc_feat_more_columns
D:7:      minmay_the_grid_octo_tiled_octocenter
          [minmay_the_grid_octo_fan_narrow, minmay_the_grid_octo_clover_2,
          minmay_the_grid_octo_focus, minmay_the_grid_octo_shrine,
          minmay_the_grid_octo_prize_ultimate_mussel_roller,
          minmay_the_grid_square_5x5_trominoes, minmay_the_grid_square_5x5_mess,
          minmay_the_grid_square_5x5_pentomino_r,
          minmay_the_grid_square_5x5_two_walls_b], layout_basic,
          minmay_temple_entry_offerings, uniq_joseph

Skill      XL: |  1  2  3  4  5  6  7 |
---------------+----------------------+-----
Maces & Flails | 2 3 4 |  4.8
Fighting       | 2 3 |  3.6
Evocations     | 4 5 |  5.2
Shields        | 1 |  1.1
Dodging        | 2 |  2.8
Throwing       | |  0.3
Armour         | |  2.0
Stealth        | |  1.8

Action                     |  1- 3 |  4- 6 |  7- 9 || total
---------------------------+-------+-------+-------++-------
  Melee: Club              |    88 |    58 |   179 ||   325
         Punch             |       |     1 |     4 ||     5
  Throw: Dart              |       |       |     6 ||     6
  Evoke: Wand              |     5 |    16 |    14 ||    35
    Use: Scroll            |       |       |     1 ||     1
         Potion            |       |       |     1 ||     1
   Stab: Sleeping          |     1 |       |       ||     1
 Armour: Leather armour    |    11 |       |       ||    11
         Scale mail        |    14 |    29 |    63 ||   106
  Dodge: Dodged            |    37 |    13 |    78 ||   128
  Block: Other             |    12 |    15 |    57 ||    84
         Reflection        |       |       |     1 ||     1
